 Dungeon Crawl Stone Soup version 0.29.1-15-g9cfb28693d (webtiles) character file.

Game seed: 256845710338751718

2 AleXD21137 the Grave Robber (level 1, -1/14 HPs)
             Began as a Ghoul Necromancer on Apr 19, 2023.
             Slain by a goblin
             ... wielding a +0 dagger
              (4 damage)
             ... on level 1 of the Dungeon.
             The game lasted 00:01:00 (115 turns).

AleXD21137 the Grave Robber (Ghoul Necromancer)      Turns: 115, Time: 00:01:00

Health: -1/14      AC:  2    Str: 11    XL:     1   Next: 30%
Magic:  2/2        EV: 12    Int: 10    God:
Gold:   13         SH:  0    Dex:  9    Spells: 2/3 levels left

rFire   . . .      SeeInvis .   (no weapon)
rCold   + . .      Faith    .   (no shield)
rNeg    + + +      Spirit   .   a - +0 robe
rPois   ∞          Reflect  .   (no helmet)
rElec   .          Harm     .   (no cloak)
rCorr   .          Rampage  .   (no gloves)
Will    .....                   (no boots)
Stlth   ++........              (no amulet)
HPRegen 0.00/turn               (no ring)
MPRegen 0.08/turn               (no ring)

@: inhibited regen
A: claws 1, cold resistance 1, negative energy resistance 3, inhibited
regeneration, torment resistance 2, devour on kill
a: no special abilities


You were on level 1 of the Dungeon.
You visited 1 branch of the dungeon, and saw 1 of its levels.

You collected 13 gold pieces.

Inventory:

Armour
 a - a +0 robe (worn)
Potions
 b - a potion of magic


   Skills:
 + Level 1.7 Dodging
 + Level 2.3 Stealth
 + Level 1.7 Spellcasting
 + Level 4.0 Necromancy


You had 2 spell levels left.
You knew the following spells:

 Your Spells              Type           Power      Damage    Failure   Level
a - Necrotise             Necr           32%        1d5       6%          1

Your spell library contained the following spells:

 Spells                   Type           Power      Damage    Failure   Level
 Vampiric Draining        Necr           8%         2d6       19%         3
 Animate Dead             Necr           8%         N/A       52%         4
 Agony                    Necr           8%         N/A       86%         5


Dungeon Overview and Level Annotations

Branches:
Dungeon (1/15)

Altars:


Innate Abilities, Weirdness & Mutations

You are immune to poison.
You have sharp fingernails.
Your flesh is cold resistant. (rC+)
You are immune to negative energy. (rN+++)
You do not regenerate when monsters are visible.
You are immune to unholy pain and torment.
You thrive by killing the living.


Message History

The kobold throws a stone.
The stone closely misses you.
The kobold throws a stone.
The stone closely misses you. The kobold hits you with a +0 club.
You closely miss the kobold. The kobold barely misses you.
You barely miss the kobold. The kobold hits you with a +0 club.
You scratch the kobold.
The kobold is moderately wounded.
The kobold hits you with a +0 club.
You barely miss the kobold.
The kobold is moderately wounded.
The kobold barely misses you.
You scratch the kobold.
You kill the kobold!
Things that are here:
a +0 club; 4 stones; a kobold corpse
Things that are here:
a +0 club; 4 stones; a kobold corpse You open the door.
There is an open door here.
You scratch the rat.
You kill the rat!
You see here a rat corpse.
You see here a +0 chain mail.
A goblin comes into view. It is wielding a +0 dagger.
Found a stone staircase leading down.
The goblin shouts!
You scratch the goblin but do no damage.
The goblin hits you with a +0 dagger.
You scratch the goblin.
The goblin is severely wounded.
The goblin hits you with a +0 dagger.
* * * LOW HITPOINT WARNING * * *
You scratch the goblin but do no damage.
The goblin is severely wounded.
The goblin hits you with a +0 dagger.
* * * LOW HITPOINT WARNING * * *
You barely miss the goblin.
The goblin is severely wounded.
The goblin hits you with a +0 dagger.
You die...

#..[##..........)..##
#...#......#'#......#
#...'.....##<##...^.'
#...'.....##>##.....'
#...#......#+#......#
#...##.............##
#...####.........###
#...########'#######
#...@...............
#...g...............
####.###############
#.# #.# #># #.# #.#


You could see a goblin.

Vanquished Creatures
  A kobold (D:1)
  A rat (D:1)
2 creatures vanquished.

Notes
Turn   | Place    | Note
-------+----------+-------------------------------------------
     0 | D:1      | AleXD21137 the Ghoul Necromancer began the quest for the
                  | Orb.
     0 | D:1      | Reached XP level 1. HP: 14/14 MP: 2/2
   115 | D:1      | Slain by a goblin

Illustrated notes

Levels and vault maps discovered:
D:1:      dpeg_arrival_refuge, layout_loops_ring,
          shapermc_ecumenical_altar_venn, grunt_decor_arrowhead,
          minmay_tiny_reverse_x

Action                   || total
-------------------------++-------
Melee: Unarmed           ||    10
Dodge: Dodged            ||     4
